 Dungeon Crawl Stone Soup version 0.27-a0-1196-g3e9cee4cb2 (webtiles) character file.

Game seed: 17222456072858740377

14 Kold the Sneak (level 2, 15/24 HPs)
             Began as a Demonspawn Delver on May 27, 2021.
             Quit the game on level 4 of the Dungeon.
             The game lasted 00:00:27 (154 turns).

Kold the Sneak (Demonspawn Delver)                   Turns: 154, Time: 00:00:27

Health: 15/24      AC:  3    Str: 12    XL:     2   Next: 31%
Magic:  2/2        EV: 12    Int: 11    God:
Gold:   11         SH:  0    Dex: 14    Spells: 1/1 levels left

rFire    . . .     SeeInvis .   a - +0 hand axe
rCold    . . .     Faith    .   (no shield)
rNeg     . . .     Spirit   .   b - +0 leather armour
rPois    .         Reflect  .   (no helmet)
rElec    .         Harm     .   (no cloak)
rCorr    .         Rampage  .   (no gloves)
Will     .....                  (no boots)
Stlth    +++.......             (no amulet)
HPRegen  0.08/turn              (no ring)
MPRegen  0.08/turn              (no ring)

@: no status effects
A: demonic magic 1
a: no special abilities


You were on level 4 of the Dungeon.
You visited 1 branch of the dungeon, and saw 2 of its levels.

You collected 11 gold pieces.

Inventory:

Hand Weapons
 a - a +0 hand axe (weapon)
Armour
 b - a +0 leather armour (worn)
Wands
 g - a wand of digging (3)
 h - a wand of paralysis (4)
Scrolls
 c - a scroll of fog
 d - a scroll of magic mapping
 e - a scroll of fear
Potions
 f - a potion of haste


   Skills:
 + Level 3.2 Fighting
 + Level 2.0 Axes
 + Level 2.0 Dodging
 + Level 4.6 Stealth


You had one spell level left.
You didn't know any spells.
Your spell library was empty.

Dungeon Overview and Level Annotations

Branches:
Dungeon (5/15)
 Temple: D:4-7

Altars:


Innate Abilities, Weirdness & Mutations

Spells you cast may paralyse adjacent enemies.


Message History

You hit the worm but do no damage.
The worm is almost dead.
The worm bites you.
You completely miss the worm.
The worm is almost dead.
You hit the worm.
You kill the worm!
You see here a worm corpse.
You start resting.
HP restored.
An adder comes into view.
An adder is nearby!
The helpless adder fails to defend itself.
You hit the adder.
The adder is lightly wounded.
The adder barely misses you. The adder bites you.
You are poisoned.
The adder poisons you!
You closely miss the adder.
The adder is lightly wounded.
You feel sick. The adder bites you but does no damage.
You hit the adder.
The adder is heavily wounded.
You feel sick. The adder misses you. The adder bites you but does no damage.
You hit the adder.
The adder is heavily wounded.
You feel sick. The adder closely misses you.
You hit the adder.
The adder is almost dead.
You feel sick.
You are no longer poisoned.
The adder bites you. The adder barely misses you.
You hit the adder.
You kill the adder!
Your Axes skill increases to level 2!
Your Dodging skill increases to level 2!
You have reached level 2!
Your demonic ancestry asserts itself...
A menacing aura infuses your magic.
Are you sure you want to abandon this character and quit the game? (Confirm with "yes".)

#####.# #†....# #@#
#.# #.# #.# ######
##.## #.##.# #...#
#.##.## #...#
#.#...#####
####...#####.....^....
#.........####...#####


There were no monsters in sight!

Vanquished Creatures
  An adder (D:4)
  A worm (D:4)
  A hobgoblin (D:4)
3 creatures vanquished.

Notes
Turn   | Place    | Note
-------+----------+-------------------------------------------
     0 | D:5      | Kold the Demonspawn Delver began the quest for the Orb.
     0 | D:5      | Reached XP level 1. HP: 18/18 MP: 1/1
    20 | D:5      | Noticed a sky beast
   154 | D:4      | Gained mutation: Spells you cast may paralyse adjacent
                  | enemies. [demonic ancestry]
   154 | D:4      | Reached XP level 2. HP: 15/24 MP: 2/2
   154 | D:4      | Quit the game

Illustrated notes

Levels and vault maps discovered:
D:4:      layout_loops_ring, bloody_makhleb, dk_yredelemnul_ordeal,
          kennysheep_little_box
D:5:      layout_loops_ring, general_overflow_altar,
          nicolae_vehumet_altar_sigil, minmay_temple_entry_hall, uniq_pikel,
          uniq_prince_ribbit1, uniq_menkaure

Skill      XL: |  1 |
---------------+----+-----
Axes           | 2 |  2.0
Dodging        | 2 |  2.0
Fighting       | |  3.2
Stealth        | |  4.6

Action                   || total
-------------------------++-------
Melee: Hand axe          ||    19
Evoke: Wand              ||     2
 Stab: Paralysed         ||     8
       Sleeping          ||     1
Armor: Leather armour    ||     2
Dodge: Dodged            ||     6

Table legend: (Time is in decaauts)
 A = Elapsed time spent in this place.
 B = Non-inter-level travel time spent in this place.
 C = Inter-level travel time spent in this place.
 D = Time resting spent in this place.
 E = Time spent auto-exploring this place.
 F = Levels seen in this place.
 G = Mean time per level.
                   A        B        C        D        E       F      G
               +--------+--------+--------+--------+--------+-----+--------+
         Total |    157 |    157 |      0 |     51 |     32 |   2 |   78.5 |
       Dungeon |    157 |    157 |      0 |     51 |     32 |   2 |   78.5 |
               +--------+--------+--------+--------+--------+-----+--------+

Top non-repeatable levels by time:
     D:4: 132 daAuts
     D:5: 25 daAuts
